AoeStats
← BOCANEGRA

MegaRandom

506937609Analyzed
1v1 RM · 17d ago on Sep 15, 2026· 40m 50s· 2 players
Game mode
Random Map
Map size
Tiny (2 player)
Population
200
Speed
Normal
Resources
Standard
Victory
Conquest
Starting age
Dark Age
Ending age
Imperial Age
RankedLock teamsTeams togetherTeam positionsShared explorationLock speedFull tech treeHidden civsTurbo modeCheats
Victory
Defeat
🇨🇱 Muisca · Chile
935
+14
🇦🇷 Lithuanians · Argentina
899
-14
BOCANEGRA
12:49 Feudal Age
11:05 Loom
13:16 Double-Bit Axe
13:13 Horse Collar
18:42 Castle Age
18:58 Bloodlines
19:11 Scale Barding Armor
19:25 Scale Barding Armor
19:19 Gold Mining
23:18 Husbandry
24:40 Fervor
27:33 Heavy Plow
27:27 Town Watch
30:00 Bow Saw
33:30 Imperial Age
31:46 Hill Forts
33:10 Redemption
34:31 Block Printing
34:42 Illumination
33:55 Cavalier
35:43 Crop Rotation
38:48 Thumb Ring
38:05 Heavy Cavalry Archer
lerbismancillag
0:28 Loom
10:32 Feudal Age
13:04 Champi Runner
20:26 Castle Age
18:41 Forging
18:32 Scale Mail Armor
19:18 Horse Collar
20:35 Double-Bit Axe
23:57 Squires
25:58 Wheelbarrow
26:09 Gold Mining
28:46 Heavy Plow
29:02 Bow Saw
29:57 Iron Casting
30:02 Gold Shaft Mining
30:18 Town Watch
35:45 Imperial Age
34:54 Fletching
36:12 Hand Cart
36:29 Elite Temple Guard
40:27 Chemistry
Connection lost

Rejoining the realm…

Still unreachable

The connection could not be restored.

Session expired

The server has moved on; the page needs a fresh start.